 Dungeon Crawl Stone Soup version 0.28-a0-662-g1651b1f1e0 (webtiles) character file.

Game seed: 3735269553663099450

1117 bande the Chopper (level 8, -9/48 HPs)
             Began as a Gargoyle Fighter on Oct 15, 2021.
             Mangled by an ogre (11 damage)
             ... on level 6 of the Dungeon.
             The game lasted 00:09:24 (5515 turns).

bande the Chopper (Gargoyle Fighter)                Turns: 5515, Time: 00:09:25

Health: -9/48      AC: 22    Str: 20    XL:     8   Next: 34%
Magic:  8/8        EV:  6    Int: 10    God:
Gold:   213        SH:  4    Dex: 10    Spells: 7/7 levels left

rFire   . . .      SeeInvis .   a - +0 war axe
rCold   . . .      Faith    .   c - +0 buckler
rNeg    + . .      Spirit   .   n - +0 plate armour
rPois   ∞          Reflect  .   o - +1 helmet
rElec   +          Harm     .   h - +1 cloak
rCorr   .          Rampage  .   (no gloves)
Will    .....                   (no boots)
Stlth   ..........              (no amulet)
HPRegen 0.16/turn               (no ring)
MPRegen 0.11/turn               (no ring)

@: no status effects
A: sickness immunity, AC +5, negative energy resistance 1, electricity
resistance, torment resistance 1, petrification resistance
a: no special abilities


You were on level 6 of the Dungeon.
You visited 2 branches of the dungeon, and saw 7 of its levels.

You collected 213 gold pieces.

Inventory:

Hand Weapons
 a - a +0 war axe (weapon)
 r - a +0 morningstar
Armour
 c - a +0 buckler (worn)
 h - a +1 cloak (worn)
 i - +0 ice dragon scales
 n - a +0 plate armour (worn)
 o - a +1 helmet (worn)
Wands
 e - a wand of digging (8)
 l - a wand of acid (10)
Scrolls
 b - a scroll of teleportation {unknown}
 j - a scroll of fog
 p - 3 scrolls of identify
 q - 4 scrolls of blinking
Potions
 d - 2 potions of might
 g - 3 potions of curing
 k - 2 potions of flight {unknown}
 m - a potion of resistance {unknown}


   Skills:
 + Level 4.8 Fighting
 + Level 6.4 Axes
 + Level 5.4 Armour
 + Level 4.4 Shields
 * Level 2.6 Evocations


You had 7 spell levels left.
You didn't know any spells.
Your spell library contained the following spells:

 Spells                   Type           Power      Damage    Failure   Level
 Animate Skeleton         Necr           0%         N/A       100%        1
 Pain                     Necr           0%         1d4       100%        1
 Vampiric Draining        Necr           0%         2d6       100%        3


Dungeon Overview and Level Annotations

Branches:
Dungeon (6/15)             Temple (1/1) D:4

Altars:
Ashenzari
Dithmenos
Fedhas
Hepliaklqana
Kikubaaqudgha
Makhleb
Vehumet
Wu Jian
Xom
Zin
The Shining One

Shops:
D:5 *


Innate Abilities, Weirdness & Mutations

You are immune to sickness and miasma.
Your stone body is resilient. (AC +5)
You are immune to poison.
You resist negative energy. (rN+)
You are resistant to electric shocks. (rElec)
You are resistant to unholy torment.
You are immune to petrification.


Message History

a +0 short sword; 3 boomerangs; an orc corpse
Things that are here:
a +0 dagger; a +0 robe
g - 3 potions of curing (gained 1)
You open the door.
There is an open door here.
Found a stone staircase leading down.
You pick up a book of Necromancy and begin reading...
You add the spells Pain, Animate Skeleton and Vampiric Draining to your library.
Something unseen opens the door.
An ogre comes into view. It is wielding a +0 giant club.
You closely miss the ogre. The ogre hits you with a +0 giant club!
You hit the ogre but do no damage. You block the ogre's attack.
You hit the ogre but do no damage. The ogre hits you with a +0 giant club.
Your plate armour prevents you from hitting the ogre.
The ogre hits you but does no damage.
You hit the ogre.
The ogre is moderately wounded.
The ogre hits you with a +0 giant club!
* * * LOW HITPOINT WARNING * * *
You are too injured to fight recklessly!
You are too injured to fight recklessly!
You are too injured to fight recklessly!
You are too injured to fight recklessly!
You are too injured to fight recklessly!
You are too injured to fight recklessly!
You slash the ogre!
The ogre is heavily wounded.
You hit the ogre but do no damage.
The ogre is heavily wounded.
The ogre hits you with a +0 giant club.
* * * LOW HITPOINT WARNING * * *
You slash the ogre!
The ogre is almost dead.
The ogre hits you with a +0 giant club!
* * * LOW HITPOINT WARNING * * *
You barely miss the ogre.
The ogre is almost dead.
The ogre hits you with a +0 giant club!
You die...

#...# ###
#...##.. #.......
#...... #..... .
#...# ...
#..>##.....
#######..@O'.....
#.........##.....
#.........# ...
#....###### .
#....# #....#
########....#
#.....##....#
#.....####'##


You could see an ogre.

Vanquished Creatures
  Grinder (D:3)
  A sky beast (D:5)
  A black bear (D:5)
  2 ogres (D:5)
  A centaur (D:6)
  A phantom (D:4)
  A wyvern zombie (D:5)
  A scorpion (D:4)
  A howler monkey (D:5)
  A hound (D:5)
  A bullfrog skeleton (D:4)
  Ijyb (D:3)
  An orc wizard (D:6)
  2 hound skeletons
  5 adders
  An adder skeleton (D:4)
  A worm (D:4)
  2 dart slugs
  13 orcs
  9 ball pythons
  6 endoplasms
  A giant cockroach (D:4)
  2 goblins
  6 hobgoblins
  2 jackals (D:3)
  3 quokkas
  7 bats
  6 frilled lizards
  6 kobolds
  3 rats (D:1)
89 creatures vanquished.

Notes
Turn   | Place    | Note
-------+----------+-------------------------------------------
     0 | D:1      | bande the Gargoyle Fighter began the quest for the Orb.
     0 | D:1      | Reached XP level 1. HP: 14/14 MP: 1/1
   120 | D:1      | Found a faded altar of an unknown god.
   157 | D:1      | Reached XP level 2. HP: 19/19 MP: 2/2
   601 | D:1      | Reached skill level 2 in Axes
   601 | D:1      | Reached XP level 3. HP: 19/24 MP: 3/3
  1156 | D:2      | Found a burning altar of Makhleb.
  1522 | D:3      | Found a broken altar of Ashenzari.
  1679 | D:3      | Noticed Ijyb
  1699 | D:3      | Killed Ijyb
  1700 | D:3      | Reached XP level 4. HP: 17/29 MP: 4/4
  1946 | D:3      | Noticed Grinder
  1975 | D:3      | Killed Grinder
  1976 | D:3      | Reached skill level 4 in Axes
  1976 | D:3      | Reached XP level 5. HP: 33/33 MP: 5/5
  1976 | D:3      | Reached XP level 6. HP: 38/38 MP: 6/6
  2377 | D:3      | You fall into a shaft and drop 1 floor!
  2672 | D:3      | Found a glowing golden altar of the Shining One.
  2972 | D:4      | Found a staircase to the Ecumenical Temple.
  2994 | Temple   | Entered the Ecumenical Temple
  3238 | D:4      | Reached skill level 5 in Axes
  3238 | D:4      | Reached skill level 1 in Evocations
  3238 | D:4      | Reached XP level 7. HP: 42/43 MP: 7/7
  3709 | D:5      | Entered Level 5 of the Dungeon
  3982 | D:5      | Reached skill level 5 in Armour
  4253 | D:5      | Found Xiurer's Assorted Antiques.
  4491 | D:5      | Reached XP level 8. HP: 25/48 MP: 8/8
  4774 | D:5      | Reached skill level 6 in Axes
  5514 | D:6      | HP: 2/48 [ogre (11)]
  5515 | D:6      | Mangled by an ogre

Illustrated notes

Levels and vault maps discovered:
D:1:      dpeg_arrival_lava_temple_mockup, layout_loops_corners,
          shapermc_ecumenical_altar_venn
D:2:      minmay_razor_zed, layout_basic, basic_altar, uniq_sigmund
D:3:      minmay_evil_eye, layout_loops_corners, lemuel_tele_altar,
          mainiacjoe_overflow_small_starburst, serial_glass, glass_columns_a,
          glass_columns_a, uniq_ijyb, uniq_grinder
D:4:      layout_basic, minmay_temple_entry_junction_2, kennysheep_minor_cross
D:5:      layout_loops_cross, serial_shops, shop
D:6:      layout_gridville, mainiacjoe_overflow_concentric_impassable,
          mainiacjoe_overflow_catwalk, okawaru_trees_1
Temple:   jpeg_temple_island

Skill      XL: |  1  2  3  4  5  6  7  8 |
---------------+-------------------------+-----
Axes           | 2 4 5 6 |  6.4
Armour         | 4 5 |  5.4
Fighting       | 4 |  4.8
Shields        | 4 |  4.4
Evocations     | 1 2 |  2.6

Action                   |  1- 3 |  4- 6 |  7- 9 || total
-------------------------+-------+-------+-------++-------
Melee: War axe           |   124 |   102 |   140 ||   366
  Use: Scroll            |     4 |       |     1 ||     5
       Potion            |       |     2 |       ||     2
Armor: Scale mail        |    73 |    33 |       ||   106
       Ice dragon scales |       |    21 |    11 ||    32
       Plate armour      |       |       |   118 ||   118
Dodge: Dodged            |    63 |    40 |    35 ||   138
Block: Buckler           |    28 |    22 |    34 ||    84

Table legend: (Time is in decaauts)
 A = Elapsed time spent in this place.
 B = Non-inter-level travel time spent in this place.
 C = Inter-level travel time spent in this place.
 D = Time resting spent in this place.
 E = Time spent auto-exploring this place.
 F = Levels seen in this place.
 G = Mean time per level.
                   A        B        C        D        E       F      G
               +--------+--------+--------+--------+--------+-----+--------+
         Total |   5629 |   5508 |    121 |   1380 |   3002 |   7 |  804.1 |
       Dungeon |   5520 |   5424 |     96 |   1380 |   2946 |   6 |  920.0 |
        Temple |    109 |     84 |     25 |      0 |     56 |   1 |  109.0 |
               +--------+--------+--------+--------+--------+-----+--------+

Top non-repeatable levels by time:
     D:5: 1635 daAuts
     D:3: 1552 daAuts
     D:1: 1179 daAuts
     D:4: 795 daAuts
     D:6: 193 daAuts
     D:2: 161 daAuts
  Temple: 109 daAuts
